Selects Advanced Infantry Battlegroup
Selects Advanced Infantry Battlegroup
Mechanized Support Center
Selects Convert to Ranger Squad
Selects Frontline Medical Station
Frontline Medical Station
Selects Ammunition Storage
Selects Ranger Weapon Training
M1918 Browning Automatic Rifles
Selects M2A1 105mm Howitzer Emplacement
Selects 155mm Rapid Artillery Barrage
155mm Rapid Artillery Barrage
M4A1(76) Sherman Medium Tank
Frontline Medical Station
155mm Rapid Artillery Barrage
M18 Hellcat Tank Destroyer
155mm Rapid Artillery Barrage
M18 Hellcat Tank Destroyer
M4A1(76) Sherman Medium Tank
155mm Rapid Artillery Barrage
M4A1(76) Sherman Medium Tank
155mm Rapid Artillery Barrage
M4A1(76) Sherman Medium Tank
M4A1(76) Sherman Medium Tank
155mm Rapid Artillery Barrage